 Dungeon Crawl Stone Soup version 0.29.1-2-gbd0b4ee654 (webtiles) character file.

Game seed: 1668074028315306627

2019 Godmorgon the Cudgeller (level 9, 0/71 HPs)
             Began as a Formicid Abyssal Knight on Oct 28, 2022.
             Was an Elder of Lugonu.
             Slain by an ogre
             ... wielding a +0 giant spiked club
              (21 damage)
             ... on level 6 of the Dungeon.
             The game lasted 00:39:16 (7025 turns).

Godmorgon the Cudgeller (Formicid Abyssal Knight)   Turns: 7025, Time: 00:39:16

Health: 0/71       AC: 14    Str: 22    XL:     9   Next: 46%
Magic:  13/13      EV:  8    Int: 10    God:    Lugonu [****..]
Gold:   15         SH:  0    Dex: 14    Spells: 8/8 levels left

rFire   . . .      SeeInvis +   a - +0 flail
rCold   . . .      Faith    .   (no shield)
rNeg    . . .      Spirit   .   B - +0 chain mail
rPois   .          Reflect  .   (helmet unavailable)
rElec   .          Harm     .   K - +0 cloak {Will+}
rCorr   .          Rampage  .   t - +0 pair of gloves
Will    +....                   (no boots)
Stlth   ..........              (no amulet)
HPRegen 0.21/turn               r - +4 ring of slaying
MPRegen 0.13/turn               z - +4 ring of protection

@: no status effects
A: permanent stasis, dig shafts and tunnels, antennae 3, four strong arms
a: Dig, Shaft Self, Renounce Religion, Depart the Abyss, Bend Space, Banish,
Corrupt


You were on level 6 of the Dungeon.
You worshipped Lugonu.
Lugonu was greatly pleased with you.
You visited 1 branch of the dungeon, and saw 6 of its levels.
You visited the Abyss 1 time.
You also visited: Ossuary.

You collected 176 gold pieces.
You spent 161 gold pieces at shops.

Inventory:

Hand Weapons
 a - a +0 flail (weapon)
 b - a +0 whip of venom
 l - a +0 giant club
 u - a +0 sling
 J - a +2 whip of freezing
Missiles
 e - 5 poisoned darts (quivered)
 I - 2 throwing nets
Armour
 t - a +0 pair of gloves (worn)
 B - a +0 chain mail (worn)
 K - a +0 cloak of willpower (worn)
Jewellery
 r - a +4 ring of slaying (left hand)
 z - a +4 ring of protection (right hand)
 H - a ring of magical power
Wands
 q - a wand of paralysis (7)
 w - a wand of polymorph (3)
Scrolls
 d - 2 scrolls of immolation {unknown}
 f - 2 scrolls of blinking {unknown}
 i - 3 scrolls of amnesia {unknown}
 k - 3 scrolls of butterflies {unknown}
 v - 2 scrolls of magic mapping
 y - 2 scrolls of teleportation {unknown}
 A - a scroll of poison
 C - a scroll of enchant armour {unknown}
 D - 3 scrolls of enchant weapon {unknown}
 M - a scroll of silence {unknown}
Potions
 c - a potion of haste {unknown}
 g - 3 potions of might {unknown}
 h - 2 potions of flight {unknown}
 j - 2 potions of ambrosia
 m - 2 potions of brilliance
 n - 3 potions of attraction
 o - a potion of mutation {unknown}
 p - 6 potions of curing
 s - 2 potions of magic
 x - 5 potions of lignification
 E - 2 potions of heal wounds {unknown}
 F - a potion of cancellation {unknown}
 G - a potion of invisibility {unknown}
 L - a potion of resistance {unknown}


   Skills:
 + Level 6.5 Fighting
 * Level 7.3 Maces & Flails
 - Level 6.0 Throwing
 - Level 2.1 Armour
 - Level 0.8 Dodging
 + Level 6.2 Invocations


You had 8 spell levels left.
You didn't know any spells.
Your spell library was empty.

Dungeon Overview and Level Annotations

Branches:
Dungeon (6/15)             Temple (0/1) D:5         Ossuary (visited)

Altars:

Shops:
D:2 ?


Innate Abilities, Weirdness & Mutations

You cannot be hasted, slowed, berserked, paralysed or teleported.
You can dig through walls and to a lower floor.
You have a pair of large antennae on your head. (SInv)
Your four strong arms can wield two-handed weapons with a shield.


Message History

Press: ? - help, Q - select action, (/) - cycle Shift-Dir - straight line, f - gnoll
Aim: a gnoll, wielding a +0 spear (chance to affect: 57%)
Okay, then.
Unknown command.
The gnoll hits you with a +0 spear.
You sock the gnoll!
The gnoll is almost dead.
The gnoll barely misses you.
You hit the gnoll.
You kill the gnoll!
Lugonu accepts your kill.
Throw: 7 darts (poison)
Press: ? - help, Q - select action, (/) - cycle Shift-Dir - straight line, f - ogre
Aim: an ogre, wielding a +0 giant spiked club (80% to hit)
You throw a poisoned dart.
The poisoned dart barely misses the ogre.
Throw: 6 darts (poison)
Press: ? - help, Q - select action, (/) - cycle Shift-Dir - straight line, f/p - ogre
Aim: an ogre, wielding a +0 giant spiked club (80% to hit)
You throw a poisoned dart. The poisoned dart hits the ogre.
The ogre is poisoned.
You completely miss the ogre.
The ogre hits you with a +0 giant spiked club!!
You sock the ogre!
The ogre is moderately wounded.
The ogre closely misses you.
You barely miss the ogre.
The ogre is heavily wounded.
You hit the ogre. You punch the ogre.
The ogre is severely wounded.
The ogre hits you with a +0 giant spiked club!
You hit the ogre.
The ogre is severely wounded.
The ogre hits you with a +0 giant spiked club.
* * * LOW HITPOINT WARNING * * *
You barely miss the ogre.
The ogre is almost dead.
The ogre looks more healthy.
The ogre hits you with a +0 giant spiked club!!
You die...

#..<.h.# #.....##..
..... #.....##..
...... ........#..
....# .......>.#.##
#...# ..........##..
##...#
...##........###(...#
## ...
#.........#O..## ..#
#.....)@...#..#
#......#.<..#
................#
.............†.....#
...................#
..................##
.....$........<....#
...................#
.........#..?.....##


You could see an ogre.

Vanquished Creatures
  Pikel (D:4)
  A water moccasin (D:6)
  2 ogres
  A centaur (D:5)
  A phantom (D:5)
  A gnoll sergeant (D:3)
  3 scorpions
  A jelly (D:5)
  4 hounds
  3 orc priests
  A gnoll bouda (D:5)
  An iguana (D:5)
  An orc wizard (D:4)
  Natasha (thrice) (D:2)
  3 mummies
  Robin (D:4)
  13 gnolls
  6 adders
  A shadow imp (D:5)
  An ufetubus (D:5)
  2 worms
  3 dart slugs
  10 orcs
  10 ball pythons
  9 endoplasms
  2 giant cockroaches
  A gnoll zombie (Ossuary)
  14 goblins
  8 hobgoblins
  7 jackals
  6 quokkas
  6 bats
  4 frilled lizards
  2 goblin zombies (Ossuary)
  3 hobgoblin zombies (Ossuary)
  11 kobolds
  A kobold zombie (Ossuary)
  2 rats (D:2)
150 creatures vanquished.

Notes
Turn   | Place    | Note
-------+----------+-------------------------------------------
     0 | Abyss:1  | Godmorgon the Formicid Abyssal Knight began the quest for
                  | the Orb.
     0 | Abyss:1  | Reached XP level 1. HP: 18/18 MP: 2/2
     1 | D:1      | Escaped the Abyss
    31 | D:1      | You fall into a shaft and drop 1 floor!
   145 | D:1      | Reached XP level 2. HP: 19/24 MP: 3/3
   247 | D:1      | Found a faded altar of an unknown god.
   423 | D:1      | Reached skill level 1 in Throwing
   530 | D:1      | Reached XP level 3. HP: 19/29 MP: 4/4
  1169 | D:2      | Reached *** piety under Lugonu
  1307 | D:2      | Reached XP level 4. HP: 37/37 MP: 4/6
  1346 | D:2      | Found Jesoq's Magic Scroll Shoppe.
  1599 | D:2      | Reached skill level 3 in Maces & Flails
  1670 | D:2      | Reached XP level 5. HP: 39/42 MP: 7/7
  1719 | D:2      | Noticed Natasha
  1762 | D:2      | Killed Natasha
  2336 | D:2      | Noticed Natasha
  2344 | D:2      | Killed Natasha
  2379 | D:2      | Noticed Natasha
  2391 | D:2      | Killed Natasha
  2419 | D:2      | Reached XP level 6. HP: 48/48 MP: 8/8
  2855 | D:2      | Reached skill level 4 in Maces & Flails
  3048 | D:3      | Reached **** piety under Lugonu
  3779 | D:4      | Reached XP level 7. HP: 53/55 MP: 9/9
  3821 | D:4      | Noticed Robin
  3844 | D:4      | Killed Robin
  3969 | D:4      | Found a sand-covered staircase.
  4141 | Ossuary  | Entered an ossuary
  4141 | Ossuary  | Noticed a wraith
  4141 | Ossuary  | Noticed a wraith
  4141 | Ossuary  | Noticed a wraith
  4448 | Ossuary  | Noticed a wraith
  4452 | Ossuary  | Banished a wraith
  4453 | Ossuary  | Reached skill level 5 in Fighting
  4453 | Ossuary  | Reached skill level 5 in Maces & Flails
  4453 | Ossuary  | Reached XP level 8. HP: 53/62 MP: 6/11
  5455 | D:5      | Entered Level 5 of the Dungeon
  5506 | D:5      | Reached skill level 5 in Throwing
  5777 | D:5      | Noticed Pikel
  5801 | D:4      | Killed Pikel
  5802 | D:4      | Reached skill level 6 in Maces & Flails
  5802 | D:4      | Reached skill level 5 in Invocations
  5802 | D:4      | Reached XP level 9. HP: 69/69 MP: 11/13
  6385 | D:5      | Found a staircase to the Ecumenical Temple.
  6468 | D:5      | Reached skill level 7 in Maces & Flails
  6842 | D:2      | Bought a scroll of magic mapping for 105 gold pieces
  6842 | D:2      | Bought a scroll of identify for 28 gold pieces
  6842 | D:2      | Bought a scroll of identify for 28 gold pieces
  7025 | D:6      | Slain by an ogre

Illustrated notes

Levels and vault maps discovered:
D:1:      wheals_arrival_shading, layout_rooms,
          shapermc_ecumenical_altar_starsandcircs, minmay_misc_feat_square
D:2:      kennysheep_big_flooded_room, layout_loops_corners, serial_shops,
          nicolae_diamond_shop, item_on_display_b, uniq_natasha
D:3:      layout_basic, grunt_ministairs_7
D:4:      layout_rooms, gup_ossuary_entry_pyramid, kennysheep_generic_room_12,
          uniq_robin
D:5:      layout_gridville, minmay_temple_entry_overgrown, uniq_pikel
D:6:      layout_cave_pools, chequers_arboretum, hangedman_decor_push,
          nicolae_good_shop

Skill      XL: |  1  2  3  4  5  6  7  8  9 |
---------------+----------------------------+-----
Throwing       | 1 2 3 4 5 6 |  6.0
Maces & Flails | 3 4 5 6 7 |  7.3
Invocations    | 3 4 5 6 |  6.2
Fighting       | 4 5 6 |  6.5
Armour         | |  2.1
Dodging        | |  0.8

Action                   |  1- 3 |  4- 6 |  7- 9 || total
-------------------------+-------+-------+-------++-------
Melee: Mace              |    78 |    77 |       ||   155
       Unarmed           |       |     1 |       ||     1
       Whip              |       |    42 |   116 ||   158
       Flail             |       |    11 |   108 ||   119
       Punch             |       |       |     5 ||     5
Throw: Dart              |     4 |    19 |    38 ||    61
Invok: Banish            |       |       |     3 ||     3
 Abil: Dig               |       |     1 |       ||     1
Evoke: Wand              |       |       |     2 ||     2
  Use: Scroll            |       |       |     8 ||     8
 Stab: Paralysed         |       |       |     5 ||     5
Armor: Leather armour    |     9 |       |       ||     9
       Scale mail        |    18 |    45 |       ||    63
       Chain mail        |       |    14 |   130 ||   144
Dodge: Dodged            |    48 |    64 |    68 ||   180
